 Dungeon Crawl Stone Soup version 0.19-a0-1216-g363869b (webtiles) character file.

414 hairmachine the Cudgeler (level 6, 0/51 HPs)
             Began as a Minotaur Gladiator on Aug 23, 2016.
             Slain by an ogre
             ... wielding a +0 giant spiked club
              (6 damage)
             ... on level 4 of the Dungeon.
             The game lasted 00:11:20 (3481 turns).

hairmachine the Cudgeler (Minotaur Gladiator)       Turns: 3481, Time: 00:11:21

Health: 0/51       AC: 12    Str: 19    XL:     6   Next: 60%
Magic:  5/5        EV:  8    Int:  5    God:
Gold:   193        SH:  0    Dex:  9    Spells: 0 memorised, 5 levels left

rFire  . . .     SeeInvis .     a - +1 flail
rCold  . . .     Gourm    .     g - +0 chain mail
rNeg   . . .     Faith    .     (no shield)
rPois  .         Spirit   .     c - +0 hat
rElec  .         Dismiss  .     p - +1 cloak
rCorr  .         Reflect  .     (no gloves)
MR     .....     Harm     .     h - +0 pair of boots
Stlth  ..........               (no amulet)
                                (no ring)
                                o - -4 ring of dexterity (curse)

@: no status effects
A: retaliatory headbutt, horns 2
a: no special abilities


You were on level 4 of the Dungeon.
You were hungry.

You visited 1 branch of the dungeon, and saw 4 of its levels.

You collected 193 gold pieces.

Inventory:

Hand Weapons
 a - a +1 flail (weapon)
 j - a +0 blowgun
Missiles
 d - 2 throwing nets
 k - 82 stones (quivered)
 q - 9 poisoned needles
 r - 30 bolts
Armour
 c - a +0 hat (worn)
 g - a +0 chain mail (worn)
 h - a +0 pair of boots (worn)
 p - a +1 cloak (worn)
Jewellery
 o - a cursed -4 ring of dexterity (left hand)
Wands
 n - a wand of heal wounds (4/9)
 s - a wand of lightning (8/15)
Scrolls
 u - a scroll of enchant weapon
Potions
 b - a potion of degeneration {unknown}
 e - 2 potions of berserk rage {unknown}
 i - 3 potions of curing {unknown}
 m - a potion of resistance {unknown}
Comestibles
 f - 2 bread rations
 l - 2 slices of pizza
 t - a chunk of flesh


   Skills:
 + Level 3.6 Fighting
 + Level 7.8 Maces & Flails
 - Level 2.0 Throwing
 + Level 3.2 Armour
 - Level 3.2 Dodging


You had 5 spell levels left.
You didn't know any spells.

Dungeon Overview and Level Annotations

Branches:
Dungeon (4/15)
 Temple: D:4-7

Altars:


Innate Abilities, Weirdness & Mutations

You reflexively headbutt those who attack you in melee.
You have a pair of horns on your head.


Message History

The worker ant bites you but does no damage.
The worker ant barely misses you.
You hear the slow rusting of a drain nearby.
Wield which item (- for none, * to show all)? (? for menu, Esc to quit)
a - a +1 flail (weapon)
You sock the worker ant! Your headbutt misses the worker ant.
The worker ant is heavily wounded.
The ogre looks more healthy.
The worker ant barely misses you. The worker ant bites you.
You sock the worker ant!
You kill the worker ant!
The ogre hits you with a giant spiked club!!
You barely miss the ogre.
The ogre is lightly wounded.
The ogre hits you with a giant spiked club!!
* * * LOW HITPOINT WARNING * * *
You thump the ogre! Your headbutt misses the ogre.
The ogre is moderately wounded.
The ogre hits you with a giant spiked club.
You die...

# ######## #≈ ##......##
≈#≈. ##<.......## ≈≈≈≈.
###..........#
≈#≈...######............#
≈≈≈.....@O...#..........#
≈#..|.########O....######
≈≈≈.. #(....# ≈≈..
#.....# ### #.....#
#^....# #.....# #.....#
#.....#


You could see an ogre.

Vanquished Creatures
  2 orc wizards (D:3)
  An orc priest (D:3)
  A worker ant (D:4)
  Natasha (thrice) (D:3)
  Robin (D:3)
  5 adders
  3 gnolls (D:2)
  3 oozes
  2 worms
  5 dart slugs
  3 giant geckos
  5 orcs (D:3)
  5 ball pythons
  3 giant cockroaches
  13 goblins
  11 hobgoblins
  4 jackals
  18 kobolds
  A quokka (D:3)
  11 bats
  4 giant newts
  10 rats
114 creatures vanquished.

Notes
Turn   | Place    | Note
-------+----------+-------------------------------------------
     0 | D:1      | hairmachine the Minotaur Gladiator began the quest for the Orb.
     0 | D:1      | Reached XP level 1. HP: 18/18 MP: 0/0
    20 | D:1      | Reached skill level 4 in Maces & Flails
    75 | D:1      | Reached XP level 2. HP: 25/25 MP: 1/1
   540 | D:1      | Reached skill level 5 in Maces & Flails
   771 | D:1      | Reached XP level 3. HP: 30/30 MP: 2/2
  1447 | D:2      | Reached XP level 4. HP: 37/37 MP: 3/3
  1540 | D:2      | Reached skill level 6 in Maces & Flails
  1746 | D:2      | Reached skill level 7 in Maces & Flails
  1746 | D:2      | Reached XP level 5. HP: 29/42 MP: 4/4
  2691 | D:3      | Noticed Natasha
  2710 | D:3      | Reached skill level 1 in Armour
  2758 | D:3      | Killed Natasha
  2797 | D:3      | Noticed Robin
  2804 | D:3      | Killed Robin
  3008 | D:3      | Noticed Natasha
  3017 | D:3      | Killed Natasha
  3017 | D:3      | Reached XP level 6. HP: 45/51 MP: 5/5
  3025 | D:3      | Noticed Natasha
  3032 | D:3      | Killed Natasha
  3141 | D:3      | Found a faded altar of an unknown god.
  3481 | D:4      | Slain by an ogre

Vault maps used:
D:1:      onia_arrival_handbag
D:3:      ecumenical_altar_2, uniq_robin, uniq_natasha
D:4:      first_bread, lightli_sewer_entry_pipes, st_stairs_8,
          uniq_crazy_yiuf_cottage

Skill      XL: |  1  2  3  4  5  6 |
---------------+-------------------+-----
Maces & Flails | 4 5 7 |  7.8
Armour         | 2 3 |  3.2
Fighting       | 3 |  3.6
Throwing       | |  2.0
Dodging        | |  3.2

Action                   |  1- 3 |  4- 6 || total
-------------------------+-------+-------++-------
Melee: Flail             |    96 |   204 ||   300
       Headbutt          |    12 |    27 ||    39
 Fire: Blowgun           |       |     5 ||     5
Throw: Throwing net      |       |     1 ||     1
  Use: Scroll            |       |     3 ||     3
  Eat: Chunk             |     2 |     6 ||     8
Armor: Leather armour    |    26 |       ||    26
       Chain mail        |    30 |    98 ||   128
Dodge: Dodged            |    45 |    97 ||   142
